AoeStats
← xlalox corona

Runestones

508074284Analyzed
1v1 RM · 10d ago on Sep 20, 2026· 57m 15s· 2 players
Game mode
Random Map
Map size
Tiny (2 player)
Population
200
Speed
Normal
Resources
Standard
Victory
Conquest
Starting age
Dark Age
Ending age
Imperial Age
RankedLock teamsTeams togetherTeam positionsShared explorationLock speedFull tech treeHidden civsTurbo modeCheats
Victory
Defeat
🇫🇷 Italians · France
1629
+18
🇲🇽 Bulgarians · Mexico
1681
-18
xlalox corona
6:17 Loom
8:50 Feudal Age
19:47 Castle Age
17:58 Gold Mining
17:53 Double-Bit Axe
18:05 Horse Collar
19:22 Scale Barding Armor
19:30 Bloodlines
20:45 Bow Saw
21:10 Chain Barding Armor
23:55 Husbandry
24:38 Fletching
24:40 Elite Skirmisher
26:36 Bodkin Arrow
28:32 Padded Archer Armor
38:22 Imperial Age
37:16 Leather Archer Armor
37:12 Forging
37:25 Town Watch
38:25 Wheelbarrow
39:11 Iron Casting
39:06 Bracer
40:20 Chemistry
40:12 Ballistics
40:44 Plate Barding Armor
39:31 Cavalier
39:54 Light Cavalry
41:54 Blast Furnace
46:45 Conscription
46:13 Hussar
RAIE-MYSTERIEUSE
6:21 Loom
8:36 Feudal Age
12:36 Fletching
15:06 Double-Bit Axe
21:49 Castle Age
22:06 Crossbowman
22:43 Bodkin Arrow
23:47 Bow Saw
23:10 Pikeman
24:14 Ballistics
28:58 Wheelbarrow
30:37 Bloodlines
32:04 Scale Barding Armor
34:10 Hand Cart
37:27 Imperial Age
35:52 Thumb Ring
36:20 Gold Mining
37:27 Padded Archer Armor
39:18 Chemistry
38:22 Bracer
39:23 Leather Archer Armor
39:41 Conscription
39:00 Light Cavalry
39:51 Elite Genoese Crossbowman
42:07 Hussar
43:55 Chain Barding Armor
44:22 Masonry
49:07 Scale Mail Armor
50:16 Squires
50:33 Chain Mail Armor
51:53 Plate Mail Armor
51:33 Arson
52:00 Forging
53:17 Two-Man Saw
51:58 Horse Collar
52:43 Heavy Plow
53:32 Architecture
54:12 Iron Casting
55:54 Blast Furnace
54:23 Capped Ram
Connection lost

Rejoining the realm…

Still unreachable

The connection could not be restored.

Session expired

The server has moved on; the page needs a fresh start.